 Dungeon Crawl Stone Soup version 0.32-a0-163-g159c032296 (webtiles) character file.

Game seed: 4282553944629861259

366 jasper the Gusty (level 6, -3/32 HPs)
             Began as a Deep Elf Air Elementalist on Feb 11, 2024.
             Was a Follower of Vehumet.
             Killed by their own static electricity (4 damage)
             ... on level 4 of the Dungeon.
             The game lasted 00:04:36 (3795 turns).

jasper the Gusty (Deep Elf Air Elementalist)        Turns: 3795, Time: 00:04:36

Health: -3/32      AC:  2    Str:  5    XL:     6   Next: 40%
Magic:  7/12       EV: 12    Int: 22    God:    Vehumet [*.....]
Gold:   191        SH:  0    Dex: 15    Spells: 1/11 levels left

rFire   . . .        g - +0 short sword
rCold   . . .        (no shield)
rNeg    . . .        a - +0 robe
rPois   .            (no helmet)
rElec   .            (no cloak)
rCorr   .            (no gloves)
SInv    .            (no boots)
Will    .....        (no amulet)
Stlth   ++           (no ring)
HPRegen 0.25/turn    (no ring)
MPRegen 0.13/turn

%: no passive effects
@: no status effects
A: no striking features
a: Renounce Religion


You were on level 4 of the Dungeon.
You worshipped Vehumet.
Vehumet was aware of your devotion.
You visited 1 branch of the dungeon, and saw 4 of its levels.

You collected 191 gold pieces.

Inventory:

Hand Weapons
 f - a +0 falchion
 g - a +0 short sword (weapon)
Missiles
 e - 3 poisoned darts
 h - 39 stones
 k - a throwing net
 o - 4 datura-tipped darts
Armour
 a - a +0 robe (worn)
 q - a +0 buckler
Jewellery
 c - a ring of ice
Wands
 j - a wand of acid (8)
 r - a wand of polymorph (5)
Scrolls
 d - 4 scrolls of teleportation
 m - 4 scrolls of identify
 p - a scroll of vulnerability
Potions
 b - a potion of magic
 i - a potion of might
 l - a potion of resistance
 n - 2 potions of curing
 s - a potion of lignification {unknown}


   Skills:
 - Level 2.4 Dodging
 - Level 2.4 Stealth
 - Level 3.0 Spellcasting
 + Level 5.1 Conjurations
 + Level 6.1 Air Magic


You had one spell level left.
You knew the following spells:

 Your Spells              Type           Power      Damage    Failure   Level
a - Shock                 Conj/Air       100%       1d9       1%          1
b - Static Discharge      Conj/Air       56%        3-6/arc   1%          2
c - Swiftness             Air            30%        N/A       3%          3
d - Airstrike             Air            15%        2d(3-19)  10%         4

Your spell library contained the following spells:

 Spells                   Type           Power      Damage    Failure   Level
 Foxfire                  Conj/Fire      56%        2x1d6     4%          1
 Sandblast                Erth           6%         2d5       12%         1
 Stone Arrow              Conj/Erth      28%        3d8       13%         3
 Passwall                 Erth           3%         N/A       36%         3
 Brom's Barrelling Bould  Conj/Erth      14%        2d4       41%         4


Dungeon Overview and Level Annotations

Branches:
Dungeon (4/15)
 Temple: D:4-7

Altars:
Nemelex Xobeh
Qazlal
Ru
Vehumet
Yredelemnul

Annotations:
D:4 Menkaure


Message History

You can now gain magical power from killing.
Vehumet offers you knowledge of Foxfire.
You now have 6/12 mp.
You start resting.
Magic restored.
MP restored: 12 Menkaure, Prince of Dust comes into view.
Menkaure shouts!
Aiming: Shock (safe; 1% risk of failure)
Press: ? - help, Q - select action, (/) - cycle Shift-Dir - straight line The zap hits Menkaure!
Menkaure is moderately damaged.
The zap hits Menkaure but does no damage.
Menkaure is moderately damaged.
You now have 11/12 mp.
Casting: Shock (safe; 1% risk of failure)
Confirm with . or Enter, or press ? or * to list all spells.
You can't see any susceptible monsters within range! (Use Z to cast anyway.) Unknown command.
Menkaure hits you!
You take 13 damage, and have 19/32 hp.
MASSIVE DAMAGE!!
Casting: Shock (safe; 1% risk of failure)
Confirm with . or Enter, or press ? or * to list all spells.
Menkaure is struck by an arc of lightning.
Menkaure is heavily damaged.
You are struck by an arc of lightning.
The lightning grounds out.
Menkaure points at you and mumbles some strange words.
Pain shoots through your body!
* * * LOW HITPOINT WARNING * * *
You take 14 damage, and have 5/32 hp.
MASSIVE DAMAGE!!
You now have 9/12 mp.
Casting: Static Discharge (safe; 1% risk of failure)
Confirm with . or Enter, or press ? or * to list all spells.
Menkaure is struck by an arc of lightning!
Menkaure is severely damaged.
You are struck by an arc of lightning.
* * * LOW HITPOINT WARNING * * *
Menkaure is struck by an arc of lightning.
Menkaure is almost destroyed.
You are struck by an arc of lightning.
You die...

##########.....).#
#.##.##.#
#.#..##.# ##
#.#.###.# #.#
#.#.###.# ##
#.##.......#
#.###....)#####
.#####M#.######
.......@.#
######...# #####


You could see Menkaure.

Vanquished Creatures
  A bombardier beetle (D:3)
  A hound (D:4)
  2 jellies
  Natasha (thrice) (D:3)
  2 orc wizards (D:4)
  2 gnolls (D:4)
  4 adders
  2 dart slugs
  A ribbon worm (D:2)
  4 orcs
  2 ball pythons
  2 bats (D:2)
  3 endoplasms
  4 giant cockroaches
  4 hobgoblins (D:2)
  3 jackals (D:2)
  5 kobolds
  2 quokkas (D:2)
  5 frilled lizards
  9 goblins
  3 rats
64 creatures vanquished.

Notes
Turn   | Place    | Note
-------+----------+-------------------------------------------
     0 | D:1      | jasper the Deep Elf Air Elementalist began the quest for
                  | the Orb.
     0 | D:1      | Reached XP level 1. HP: 10/10 MP: 6/6
   697 | D:1      | Reached XP level 2. HP: 9/15 MP: 4/8
  1068 | D:1      | Found a faded altar of an unknown god.
  1089 | D:1      | Learned a level 2 spell: Static Discharge
  1250 | D:2      | Reached skill level 4 in Air Magic
  1250 | D:2      | Reached XP level 3. HP: 17/19 MP: 2/9
  1254 | D:2      | Learned a level 3 spell: Swiftness
  1814 | D:2      | Reached XP level 4. HP: 17/24 MP: 4/10
  2388 | D:3      | Found a faded altar of an unknown god.
  2388 | D:3      | Found a stormy altar of Qazlal.
  2395 | D:3      | Found a faded altar of an unknown god.
  2397 | D:3      | Found a basalt altar of Yredelemnul.
  2399 | D:3      | Found a radiant altar of Vehumet.
  2402 | D:3      | Became a worshipper of Vehumet
  2809 | D:3      | Found a sacrificial altar of Ru.
  2830 | D:3      | Reached skill level 5 in Air Magic
  2830 | D:3      | Reached XP level 5. HP: 28/28 MP: 5/11
  2860 | D:3      | Noticed Natasha
  2863 | D:3      | Killed Natasha
  2938 | D:3      | Learned a level 4 spell: Airstrike
  3003 | D:3      | Noticed Natasha
  3005 | D:3      | Killed Natasha
  3043 | D:3      | Found a sparkling altar of Nemelex Xobeh.
  3180 | D:3      | Noticed Natasha
  3183 | D:3      | Killed Natasha
  3458 | D:4      | Reached XP level 6. HP: 32/32 MP: 8/12
  3481 | D:4      | Reached skill level 5 in Conjurations
  3481 | D:4      | Reached skill level 6 in Air Magic
  3737 | D:4      | Reached * piety under Vehumet
  3737 | D:4      | Offered knowledge of Foxfire by Vehumet.
  3791 | D:4      | Noticed Menkaure
  3795 | D:4      | HP: 1/32 [/static electricity (4)]
  3795 | D:4      | Killed from afar by themself

Illustrated notes

Levels and vault maps discovered:
D:1:      mrwooster_arrival_statue_2, layout_basic,
          ebering_ecumenical_altar_sacrificial, minmay_tetromino_l4
D:2:      layout_loops_ring, kennysheep_generic_room_8
D:3:      layout_basic, chequers_temple_overflow_minitemple,
          mainiacjoe_overflow_cross_hatched, mainiacjoe_overflow_boulevard,
          uniq_natasha
D:4:      layout_loops_cross, uniq_menkaure

Skill      XL: |  1  2  3  4  5  6 |
---------------+-------------------+-----
Conjurations   | 2 3 4 5 |  5.1
Air Magic      | 4 5 6 |  6.1
Dodging        | |  2.4
Stealth        | |  2.4
Spellcasting   | |  3.0

Action                     |  1- 3 |  4- 6 || total
---------------------------+-------+-------++-------
  Melee: Short sword       |     8 |    11 ||    19
   Cast: Shock             |    58 |    73 ||   131
         Static Discharge  |     5 |     2 ||     7
         Airstrike         |       |     3 ||     3
    Use: Scroll            |     4 |     5 ||     9
 Armour: Robe              |    14 |    21 ||    35
  Dodge: Dodged            |    16 |     4 ||    20

Table legend: (Time is in decaauts)
 A = Elapsed time spent in this place.
 B = Non-inter-level travel time spent in this place.
 C = Inter-level travel time spent in this place.
 D = Time resting spent in this place.
 E = Time spent auto-exploring this place.
 F = Levels seen in this place.
 G = Mean time per level.
                   A        B        C        D        E       F      G
               +--------+--------+--------+--------+--------+-----+--------+
         Total |   3793 |   3714 |     79 |    240 |   3127 |   4 |  948.2 |
       Dungeon |   3793 |   3714 |     79 |    240 |   3127 |   4 |  948.2 |
               +--------+--------+--------+--------+--------+-----+--------+

Top non-repeatable levels by time:
     D:2: 1198 daAuts
     D:1: 1122 daAuts
     D:3: 1103 daAuts
     D:4: 368 daAuts
